 Dungeon Crawl Stone Soup version 0.29-a0-221-gceb61267dd (webtiles) character file.

Game seed: 14580862096742483340

22124 enile the Fighter (level 12, -1/81 HPs)
             Began as a Gargoyle Ice Elementalist on Feb 26, 2022.
             Was an Elder of Qazlal.
             Killed from afar by a bog body (35 damage)
             ... with a bolt of cold
             ... on level 4 of the Lair of Beasts on Feb 27, 2022.
             The game lasted 00:35:13 (16520 turns).

enile the Fighter (Gargoyle Ice Elementalist)      Turns: 16520, Time: 00:35:14

Health: -1/81      AC: 20    Str: 14    XL:     12   Next: 97%
Magic:  9/22       EV: 12    Int: 19    God:    Qazlal [****..]
Gold:   721        SH: 13    Dex: 10    Spells: 17/25 levels left

rFire   . . .      SeeInvis .   y - +1 war axe (flame)
rCold   . . .      Faith    .   d - +3 buckler
rNeg    + . .      Spirit   .   k - +2 robe {Will+}
rPois   ∞          Reflect  .   (no helmet)
rElec   +          Harm     .   W - scarf {shadows}
rCorr   .          Rampage  .   (no gloves)
Will    +....                   (no boots)
Stlth   +.........              Q - amulet of regeneration
HPRegen 1.03/turn               h - +4 ring of protection
MPRegen 0.18/turn               z - +4 ring of protection

@: repel missiles
A: sickness immunity, AC +8, negative energy resistance 1, electricity
resistance, torment resistance 1, petrification resistance
a: Renounce Religion, Upheaval, Elemental Force


You were on level 4 of the Lair of Beasts.
You worshipped Qazlal.
Qazlal was greatly pleased with you.
You visited 2 branches of the dungeon, and saw 13 of its levels.

You collected 721 gold pieces.

Inventory:

Hand Weapons
 f - a +0 spear
 j - a +0 war axe
 u - a +2 lajatang of venom
 y - a +1 war axe of flaming (weapon)
 E - a +0 battleaxe
 I - a +0 mace of protection
 L - a +0 glaive
 P - a +1 flail
 S - a +4 morningstar
Missiles
 X - 5 curare-tipped darts
Armour
 a - a +0 robe
 d - a +3 buckler (worn)
 k - a +2 robe of willpower (worn)
 K - +0 steam dragon scales
 W - a scarf of shadows (worn)
Jewellery
 h - a +4 ring of protection (left hand)
 t - a ring of fire
 z - a +4 ring of protection (right hand)
 A - an amulet of guardian spirit
 F - a ring of flight
 Q - an amulet of regeneration (around neck)
 Y - a ring of protection from fire
Wands
 r - a wand of charming (9)
 s - a wand of acid (11)
 v - a wand of digging (6)
 B - a wand of polymorph (18) (quivered)
 C - a wand of iceblast (10)
Scrolls
 c - 3 scrolls of amnesia
 g - a scroll of fog
 i - a scroll of enchant armour
 l - 3 scrolls of holy word
 q - 3 scrolls of identify
 w - 3 scrolls of magic mapping
 O - a scroll of silence
 R - 2 scrolls of enchant weapon
 T - a scroll of fear
 U - 2 scrolls of immolation
 V - a scroll of noise
 Z - a scroll of teleportation
Potions
 b - 7 potions of curing {unknown}
 e - a potion of berserk rage {unknown}
 m - 4 potions of brilliance {unknown}
 n - 2 potions of ambrosia {unknown}
 o - 2 potions of flight {unknown}
 p - 3 potions of lignification {unknown}
 x - 3 potions of cancellation {unknown}
 D - a potion of attraction {unknown}
 G - a potion of haste {unknown}
 H - 2 potions of invisibility {unknown}
 J - a potion of magic {unknown}
 M - 2 potions of might {unknown}
 N - a potion of mutation {unknown}


   Skills:
 - Level 12.0 Fighting
 - Level 4.0 Axes
 - Level 1.0 Armour
 - Level 3.0 Dodging
 - Level 5.0 Stealth
 - Level 6.0 Shields
 - Level 7.0 Spellcasting
 - Level 7.0 Conjurations
 - Level 8.0 Ice Magic
 - Level 9.0 Invocations
 + Level 6.6 Evocations


You had 17 spell levels left.
You knew the following spells:

 Your Spells              Type           Power      Damage    Failure   Level
a - Freeze                Ice            100%       1d11      1%          1
b - Frozen Ramparts       Ice            74%        1d9       1%          3
c - Hailstorm             Conj/Ice       35%        3d9       6%          4

Your spell library contained the following spells:

 Spells                   Type           Power      Damage    Failure   Level
 Ozocubu's Armour         Ice            37%        N/A       1%          3
 Conjure Flame            Conj/Fire      19%        6-21      9%          3
 Stone Arrow              Conj/Erth      38%        3d9       9%          3
 Spider Form              Tmut/Pois      6%         N/A       36%         3
 Metabolic Englaciation   Hex/Ice        10%        N/A       56%         5
 Irradiate                Conj/Tmut      9%         3d16      63%         5
 Animate Armour           Summ/Erth      12%        N/A       77%         4
 Petrify                  Tmut/Erth      6%         N/A       77%         4
 Alistair's Intoxication  Tmut/Pois      4%         N/A       98%         5
 Borgnjor's Vile Clutch   Necr/Erth      3%         N/A       98%         5
 Dispersal                Tloc           3%         N/A       100%        6
 Eringya's Noxious Bog    Tmut/Pois      3%         N/A       100%        6
 Disjunction              Tloc           3%         N/A       100%        8
 Lehudib's Crystal Spear  Conj/Erth      9%         10d4      100%        8
 Fire Storm               Conj/Fire      9%         8d3       100%        9
 Sublimation of Blood     Necr           Unusable   N/A       N/A         2
 Statue Form              Tmut/Erth      Unusable   N/A       N/A         6

Dungeon Overview and Level Annotations

Branches:
Dungeon (9/15)             Temple (0/1) D:7            Lair (4/6) D:9
  Swamp: Lair:2-4    Shoals: Lair:2-4     Snake: Lair:2-4    Spider: Lair:2-4
    Orc: D:9-12

Altars:
Dithmenos
Elyvilon
Makhleb
Nemelex Xobeh
Qazlal
Ru
Vehumet
Wu Jian
Xom
Yredelemnul
The Shining One

Shops:
D:4 [

Annotations:
D:4 2 transporters, AlmostDecent's ghost, amateur DsHu
D:6 yak, 1 exclusion


Innate Abilities, Weirdness & Mutations

You are immune to sickness and miasma.
Your stone body is resilient. (AC +8)
You are immune to poison.
You resist negative energy. (rN+)
You are resistant to electric shocks. (rElec)
You are resistant to unholy torment.
You are immune to petrification.


Message History

Unknown command.
Your frozen ramparts will break if you move.
Continue?
The frozen ramparts melt away as you move.
The bog body gestures at you while chanting.
The bolt of cold misses you.
You hear a sizzling sound!
The bog body casts a spell at you. The bolt of cold hits you!
The bullfrog is no longer moving slowly.
The bog body casts a spell at you. The bolt of cold misses you.
The bog body is engulfed in freezing vapours.
There is a stone staircase leading up here.
The bog body is engulfed in freezing vapours.
You climb upwards.
The boulder beetle curls into a ball and begins rolling!
There is a stone staircase leading down here.
A boulder beetle is nearby!
A boulder beetle is nearby!
Aiming: Polymorph
Press: ? - help, Q - select action, (/) - cycle Shift-Dir - straight line, f - boulder beetle
Aim: a boulder beetle (rolling, will become an ettin, a quicksilver ooze, or a tyrant leech, chance to affect: 48%)
The boulder beetle resists with some effort.
Aiming: Polymorph
Press: ? - help, Q - select action, (/) - cycle Shift-Dir - straight line, f/p - boulder beetle
Aim: a boulder beetle (rolling, will become an ettin, a quicksilver ooze, or a tyrant leech, chance to affect: 48%)
The boulder beetle evaporates and reforms as a tyrant leech!
You climb downwards.
The bullfrog misses you. You block the bullfrog's attack.
The bog body touches you. The bog body freezes you!!
There is a stone staircase leading up here.
Okay, then.
Okay, then.
Activating: Disaster Area (11% risk of failure)
Press: ? - help, Dir - look around, f - activate Nature churns violently around you!
You can no longer call upon nature's wrath in a wide area around you.
You block the bullfrog's attack. x2
The bog body casts a spell at you. The bolt of cold hits you!!
You die...

....P .#.........#..#
.....###.#.#.#.#.#.†.##
#P..#.#.............##
##......#.####.#.##P#.#
...⌠⌠...#.....#########
♣.†.##...##.##
♣............##
♣♣.......§....#
♣.......n@.○.#
♣.......○F○..#
♣......○..§.##
♣..≈!.......#
♣♣##≈##.##..# ######
.## .#


You could see a bog body and a bullfrog.

Vanquished Creatures
  2 hydras
  2 two-headed ogres
  Sonja (Lair:4)
  Pikel (D:6)
  4 black mambas
  Maggie (Lair:1)
  A kobold demonologist (D:8)
  5 komodo dragons
  3 cane toads
  2 rime drakes
  3 polar bears
  A hornet (D:9)
  4 blink frogs (Lair:2)
  25 yaks
  7 wyverns
  2 steam dragons
  A basilisk (D:9)
  Menkaure (D:6)
  7 water moccasins
  A swamp worm (Lair:4)
  An acid dragon (D:9)
  3 orc warriors
  2 black bears
  9 ice beasts
  A sky beast (D:6)
  4 ogres
  7 necrophages
  5 centaurs
  16 wolves
  3 lemures (D:6)
  A kobold brigand (D:8)
  Blork the orc (D:6)
  8 bullfrogs
  4 scorpions
  5 killer bees
  2 wights (D:9)
  8 electric eels
  2 howler monkeys
  2 lava snakes (Lair:1)
  5 centaur zombies (D:9)
  A human zombie (D:9)
  2 gnoll shamans
  5 hounds
  A jelly (D:6)
  2 orc priests (D:7)
  Jessica (D:2)
  An iguana (D:5)
  Natasha (twice) (D:2)
  8 orc wizards
  2 mummies (D:9)
  8 adders
  2 gnolls (D:6)
  2 shadow imps (D:5)
  3 white imps (Lair:4)
  4 worms
  4 dart slugs
  25 orcs
  7 ball pythons
  7 bats
  7 endoplasms
  4 giant cockroaches
  7 goblins
  11 hobgoblins
  3 frilled lizards
  8 kobolds
  6 rats
296 creatures vanquished.

Vanquished Creatures (others)
  15 fungi
  19 plants
34 creatures vanquished.

Grand Total: 330 creatures vanquished

Notes
Turn   | Place    | Note
-------+----------+-------------------------------------------
     0 | D:1      | enile the Gargoyle Ice Elementalist began the quest for the
                  | Orb.
     0 | D:1      | Reached XP level 1. HP: 10/10 MP: 3/3
   353 | D:1      | Reached XP level 2. HP: 13/15 MP: 1/5
   433 | D:1      | Reached skill level 1 in Fighting
   712 | D:1      | You fall into a shaft and drop 1 floor!
   924 | D:1      | Found a faded altar of an unknown god.
   929 | D:1      | Prayed at the altar of an unknown god.
   929 | D:1      | Became a worshipper of Qazlal Stormbringer
   929 | D:1      | Reached * piety under Qazlal
  1094 | D:2      | Noticed Jessica
  1100 | D:2      | Killed Jessica
  1101 | D:2      | Reached skill level 2 in Fighting
  1101 | D:2      | Reached skill level 3 in Fighting
  1101 | D:2      | Reached XP level 3. HP: 18/23 MP: 1/6
  1235 | D:1      | Reached skill level 1 in Armour
  1235 | D:1      | Reached XP level 4. HP: 12/28 MP: 0/7
  1414 | D:2      | Learned a level 3 spell: Frozen Ramparts
  1515 | D:2      | Reached skill level 1 in Shields
  1990 | D:2      | Found an ornate altar of the Wu Jian Council.
  1992 | D:2      | Noticed Natasha
  1999 | D:2      | Killed Natasha
  2196 | D:2      | Noticed Natasha
  2199 | D:2      | Killed Natasha
  2200 | D:2      | Reached skill level 1 in Axes
  2200 | D:2      | Reached XP level 5. HP: 32/32 MP: 4/8
  2740 | D:3      | Reached skill level 4 in Fighting
  2754 | D:3      | Reached ** piety under Qazlal
  3359 | D:4      | Reached XP level 6. HP: 31/38 MP: 2/9
  3436 | D:4      | Reached XP level 7. HP: 27/44 MP: 3/10
  3580 | D:4      | Reached skill level 5 in Fighting
  3719 | D:4      | Found Sosoadu's Antique Armour Boutique.
  3805 | D:4      | Found a transporter.
  3807 | D:4      | Found a burning altar of Makhleb.
  4211 | D:4      | Found a transporter.
  4213 | D:4      | Noticed AlmostDecent's ghost (amateur DsHu)
  4255 | D:5      | Entered Level 5 of the Dungeon
  4360 | D:5      | Reached XP level 8. HP: 40/51 MP: 11/11
  4579 | D:5      | Reached skill level 6 in Fighting
  4837 | D:5      | Found a white marble altar of Elyvilon.
  4890 | D:5      | Reached skill level 7 in Fighting
  5233 | D:5      | Found a shimmering altar of Xom.
  5305 | D:5      | Reached *** piety under Qazlal
  5723 | D:6      | Found a sacrificial altar of Ru.
  5743 | D:6      | Reached skill level 5 in Stealth
  5751 | D:6      | Noticed a yak
  5751 | D:6      | Noticed a yak
  5752 | D:6      | Noticed a yak
  5829 | D:5      | Killed a yak
  5985 | D:7      | Reached skill level 8 in Fighting
  5998 | D:7      | Reached XP level 9. HP: 56/59 MP: 5/12
  6147 | D:7      | Reached skill level 5 in Invocations
  6551 | D:6      | Noticed Blork the orc
  6558 | D:6      | Killed Blork the orc
  6627 | D:6      | Found a shadowy altar of Dithmenos.
  6673 | D:6      | Found an ornate altar of the Wu Jian Council.
  6684 | D:6      | Reached skill level 5 in Shields
  6696 | D:6      | Noticed Pikel
  6708 | D:6      | Killed Pikel
  6872 | D:6      | Noticed Menkaure
  6890 | D:6      | Killed Menkaure
  7043 | D:6      | Reached XP level 10. HP: 60/64 MP: 12/14
  7526 | D:7      | Found a staircase to the Ecumenical Temple.
  8377 | D:8      | Found a radiant altar of Vehumet.
  8427 | D:8      | Noticed a kobold demonologist
  8428 | D:8      | Noticed a two-headed ogre
  8433 | D:8      | Noticed an orange demon
  8445 | D:8      | Noticed a rust devil
  8668 | D:9      | Reached skill level 5 in Evocations
  8752 | D:9      | Reached **** piety under Qazlal
  9002 | D:8      | Reached skill level 9 in Fighting
  9074 | D:8      | Killed a two-headed ogre
  9075 | D:8      | Reached skill level 10 in Fighting
  9080 | D:8      | Killed a kobold demonologist
  9210 | D:8      | Reached skill level 5 in Ice Magic
  9497 | D:8      | Found a basalt altar of Yredelemnul.
  9819 | D:8      | Found a sparkling altar of Nemelex Xobeh.
  9914 | D:9      | Noticed a two-headed ogre
 10054 | D:9      | Killed a two-headed ogre
 10055 | D:9      | Reached XP level 11. HP: 56/72 MP: 4/17
 10166 | D:9      | Learned a level 4 spell: Hailstorm
 10662 | D:9      | Found a basalt altar of Yredelemnul.
 11010 | D:9      | Reached skill level 5 in Spellcasting
 11267 | D:9      | Found a glowing golden altar of the Shining One.
 11482 | D:9      | Found a staircase to the Lair.
 11703 | Lair:1   | Entered Level 1 of the Lair of Beasts
 11788 | Lair:1   | Reached skill level 1 in Conjurations
 12396 | Lair:1   | Noticed Maggie
 12412 | Lair:1   | Killed Maggie
 13266 | Lair:2   | Reached skill level 5 in Conjurations
 13340 | Lair:2   | Reached ***** piety under Qazlal
 13361 | Lair:2   | Reached XP level 12. HP: 59/77 MP: 1/21
 13425 | Lair:2   | Noticed a five-headed hydra
 14281 | Lair:3   | Noticed a six-headed hydra
 14313 | Lair:3   | Killed a four-headed hydra
 14469 | Lair:3   | Got Qehesef's Reference Book on Destructive Contamination
 14504 | Lair:3   | Noticed a boulder beetle
 14661 | Lair:4   | Noticed Sonja
 15158 | Lair:2   | Reached skill level 11 in Fighting
 15282 | Lair:2   | Killed a two-headed hydra
 16045 | Lair:4   | Killed Sonja
 16059 | Lair:4   | Reached skill level 12 in Fighting
 16517 | Lair:3   | a boulder beetle changed into a tyrant leech
 16520 | Lair:4   | Killed from afar by a bog body

Illustrated notes

Levels and vault maps discovered:
D:1:      zaba_arrival_water, layout_rooms, shapermc_ecumenical_altar_venn,
          hangedman_decor_opposing
D:2:      layout_basic, basic_altar, minmay_between, uniq_natasha, uniq_jessica
D:3:      layout_rooms, minivault_14, minmay_misc_feat_square
D:4:      layout_rooms, bloody_makhleb, serial_shops, nicolae_take_the_stairs,
          gammafunk_ghost_mausoleum, hangedman_glass_teeth,
          small_statue_intersection
D:5:      layout_loops_ring, elyvilon_altar_5, lemuel_coloured_pillars_altar
D:6:      layout_cave_pools, nicolae_wu_jian_wuxing_cycle,
          nicolae_ru_great_annihilating_truth,
          nicolae_dithmenos_through_a_glass_darkly, uniq_blork_the_orc,
          uniq_pikel, uniq_menkaure
D:7:      layout_cave_pools, minmay_temple_entry_purple_smoke
D:8:      layout_layer_cave, mainiacjoe_overflow_swirl, minmay_ruined_shrine
D:9:      layout_basic, lemuel_mausoleum_altar_yredelemnul,
          mainiacjoe_overflow_alcove_2, erik_lair_dragon, serial_bayou,
          serial_bayou_lagoon_a, serial_bayou_shore_a, serial_bayou_pond_b,
          serial_bayou_crossing, item_on_display_a
Lair:1:   layout_long_grid, minmay_holes, minmay_stone_trees_medium,
          nicolae_lair_liquid_snakes, uniq_maggie
Lair:2:   layout_chaotic_city
Lair:3:   layout_layer_cave, grunt_megastairs_5
Lair:4:   layout_roguey, nicolae_swamp_entry_splash_gauntlet, dummy_snake_entry,
          ice2_lemuel, uniq_sonja

Skill      XL: |  1  2  3  4  5  6  7  8  9 10 11 12 |
---------------+-------------------------------------+-----
Fighting       | 3 4 5 8 10 12 | 12.0
Armour         | 1 |  1.0
Shields        | 2 3 4 6 |  6.0
Axes           | 1 2 4 |  4.0
Invocations    | 2 4 6 7 9 |  9.0
Dodging        | 3 |  3.0
Stealth        | 5 |  5.0
Spellcasting   | 3 4 6 7 |  7.0
Evocations     | 3 5 6 |  6.6
Ice Magic      | 7 8 |  8.0
Conjurations   | 6 7 |  7.0

Action                   |  1- 3 |  4- 6 |  7- 9 | 10-12 || total
-------------------------+-------+-------+-------+-------++-------
Melee: Unarmed           |     1 |       |       |       ||     1
       Spear             |    39 |       |       |       ||    39
       War axe           |     7 |    86 |   227 |   178 ||   498
       Mace              |       |       |       |   303 ||   303
Throw: Throwing net      |       |       |     3 |     3 ||     6
 Cast: Freeze            |    28 |    32 |    67 |    99 ||   226
       Frozen Ramparts   |       |     7 |    22 |    37 ||    66
       Hailstorm         |       |       |       |    44 ||    44
Invok: Upheaval          |       |       |     1 |     1 ||     2
       Disaster Area     |       |       |       |     2 ||     2
Evoke: Wand              |       |       |     2 |     9 ||    11
  Use: Scroll            |       |       |       |    16 ||    16
 Stab: Invisible         |       |       |     1 |       ||     1
       Paralysed         |       |       |     1 |       ||     1
Armor: Robe              |    22 |    46 |   146 |   308 ||   522
Dodge: Dodged            |    42 |    79 |   181 |   334 ||   636
       Repelled          |       |       |       |     8 ||     8
Block: Buckler           |     9 |    48 |   136 |   530 ||   723

Table legend: (Time is in decaauts)
 A = Elapsed time spent in this place.
 B = Non-inter-level travel time spent in this place.
 C = Inter-level travel time spent in this place.
 D = Time resting spent in this place.
 E = Time spent auto-exploring this place.
 F = Levels seen in this place.
 G = Mean time per level.
                   A        B        C        D        E       F      G
               +--------+--------+--------+--------+--------+-----+--------+
         Total |  16888 |  16102 |    786 |   1168 |  11888 |  13 | 1299.1 |
       Dungeon |  12001 |  11385 |    616 |    601 |   8558 |   9 | 1333.4 |
          Lair |   4887 |   4718 |    169 |    567 |   3330 |   4 | 1221.8 |
               +--------+--------+--------+--------+--------+-----+--------+

Top non-repeatable levels by time:
     D:9: 2257 daAuts
     D:8: 1651 daAuts
     D:5: 1620 daAuts
  Lair:3: 1561 daAuts
     D:2: 1504 daAuts
  Lair:2: 1418 daAuts
  Lair:1: 1343 daAuts
     D:6: 1184 daAuts
     D:1: 1082 daAuts
     D:4: 1065 daAuts
     D:3: 866 daAuts
     D:7: 769 daAuts
  Lair:4: 563 daAuts
